 Dungeon Crawl Stone Soup version 0.13-a0-3073-ga7cf4ae (webtiles) character file.

331 Malachi the Ruinous (level 4, -8/30 HPs)
             Began as a Mummy Conjurer on Sept 16, 2013.
             Mangled by Menkaure (23 damage)
             ... on Level 3 of the Dungeon.
             The game lasted 00:09:34 (6333 turns).

Malachi the Ruinous (Mummy Conjurer)                Turns: 6333, Time: 00:09:34

HP  -8/30        AC  2     Str 11      XL: 4   Next: 92%
MP   3/7         EV 11     Int 15      God:
Gold 199         SH  6     Dex 12      Spells:  2 memorised,  2 levels left

Res.Fire  : x . .   See Invis. : .   k - +0,+1 spear
Res.Cold  : + . .   Warding    : .   a - +0 robe
Life Prot.: + + +   Conserve   : .   o - +0 buckler
Res.Poison: +       Res.Corr.  : .   (no helmet)
Res.Elec. : .       Clarity    : .   (no cloak)
Sust.Abil.: . .     Spirit.Shd : .   (no gloves)
Res.Mut.  : .       Stasis     : .   (no boots)
Res.Rott. : +       Flight     : .   (no amulet)
Saprovore : . . .                    (no ring)
                                     (no ring)

@: about to teleport, slightly resistant to hostile enchantments, unstealthy
A: no food or potions, fire vulnerability, restore body, cold resistance 1, life
protection 3, poison resistance, torment resistance, unbreathing
a: no special abilities


You were on level 3 of the Dungeon.
You were not hungry.

You visited 1 branch of the dungeon, and saw 4 of its levels.

You collected 179 gold pieces.

Inventory:

Hand weapons
 k - a +0,+1 spear (weapon)
Missiles
 e - 2 darts of frost (quivered)
Armour
 a - a +0 robe (worn)
 o - a +0 buckler (worn)
Scrolls
 b - 3 scrolls of recharging {unknown}
 f - a scroll of teleportation
 h - a scroll of enchant weapon II
 i - 4 scrolls of remove curse
 j - a scroll of magic mapping {unknown}
 l - a scroll of curse weapon {unknown}
 m - a scroll of blinking {unknown}
 n - a scroll of random uselessness {unknown}
Books
 c - a book of Conjurations

   Spells                             Type                      Level
   *Magic Dart                        Conjuration                  1
   *Searing Ray                       Conjuration                  2
   Dazzling Spray                     Conjuration/Hexes            3
   Iskenderun's Mystic Blast          Conjuration                  4
   Iskenderun's Battlesphere          Conjuration/Charms           4
   Fulminant Prism                    Conjuration/Hexes            5


   Skills:
 - Level 0.2 Fighting
 - Level 1.5 Dodging
 - Level 1.5 Stealth
 - Level 0.1 Unarmed Combat
 * Level 1.2 Spellcasting
 * Level 5.1 Conjurations


You had 2 spell levels left.
You knew the following spells:

 Your Spells              Type           Power        Failure   Level  Hunger
a - Magic Dart            Conj           ###.         4%          1    N/A
b - Searing Ray           Conj           ###...       8%          2    N/A

Dungeon Overview and Level Annotations

Branches:
Dungeon (4/27)
 Temple: D:4-7

Altars:
Kikubaaqudgha
Trog

Annotations:
D:3 Menkaure; Nagual's ghost, average NaWz


Innate Abilities, Weirdness & Mutations

You do not eat or drink.
Your flesh is vulnerable to fire.
Your flesh is cold resistant.
You are immune to negative energy.
Your system is resistant to poisons.
You are immune to unholy pain and torment.
You can survive without breathing.


Message History

Menkaure says, "Why can't you leave me to my rest?"
Menkaure gestures at you while chanting.
You resist.
Read which item? (? for menu, Esc to quit)
Okay, then.
Menkaure casts a spell at you.
You are unaffected.
Casting: Searing Ray
Confirm with . or Enter, or press ? or * to list all spells.
Aiming: Searing Ray
Press: ? - help, Shift-Dir - straight line, f - Menkaure
Aim: Menkaure (moving very quickly)
The searing ray hits Menkaure.
Menkaure is lightly damaged.
Read which item? (? for menu, Esc to quit)
As you read the scroll of teleportation, it crumbles to dust.
You feel strangely unstable. Menkaure barely misses you. Menkaure hits you!
Ouch! That really hurt!
You die...

### #.# #.# #######.####
####.##.......## ###
...#.##.##.....# #.#
...+.#..##.##..# #.#
...#.#..##.....###.####
...#.#..#.......@.....#
...#.#.....##..M##.##.# #########
...........##...##.##.# #........
#........#.##...##.##.# #........
#.#......#.#.......##.# #........
#.#................##.# #........
..#.#.................# #........
...................######........
.##.......>.........!............


You could see Menkaure.

Vanquished Creatures
  7 adders
  A worm (D:2)
  A giant gecko (D:1)
  4 orcs (D:3)
  A ball python (D:3)
  6 bats
  6 giant cockroaches
  7 hobgoblins
  A quokka (D:3)
  5 giant newts
  4 goblins (D:1)
  10 kobolds
  8 rats
61 creatures vanquished.

Notes
Turn   | Place    | Note
--------------------------------------------------------------
     0 | D:1      | Malachi, the Mummy Conjurer, began the quest for the Orb.
     0 | D:1      | Reached XP level 1. HP: 13/13 MP: 3/3
   786 | D:1      | Reached XP level 2. HP: 13/19 MP: 0/4
  1529 | D:1      | Reached skill level 4 in Conjurations
  1654 | D:1      | Reached XP level 3. HP: 12/24 MP: 0/5
  2830 | D:1      | Learned a level 2 spell: Searing Ray
  2916 | D:2      | Found a bloodstained altar of Trog.
  4002 | D:2      | Reached XP level 4. HP: 16/30 MP: 0/7
  4696 | D:3      | Reached skill level 5 in Conjurations
  5038 | D:3      | Noticed Nagual's ghost (average NaWz)
  5727 | D:3      | Found an ancient bone altar of Kikubaaqudgha.
  6319 | D:4      | Noticed Menkaure
  6333 | D:3      | Mangled by Menkaure

Action                   |  1- 3 |  4- 6 || total
-------------------------+-------+-------++-------
Melee: Unarmed           |    39 |       ||    39
       Spear             |    17 |     1 ||    18
 Cast: Magic Dart        |    73 |    12 ||    85
       Searing Ray       |     9 |    19 ||    28
  Use: Scroll            |       |     7 ||     7
